 Dungeon Crawl Stone Soup version 0.25-a0-860-gf695395b5c (webtiles) character file.

Game seed: 8146117241463882311, levelgen mode: deterministic

27398 DildoBatman the Quickloader (level 13, -4/99 HPs)
             Began as a Formicid Wizard on Apr 25, 2020.
             Shot with a bolt by an orc knight (24 damage)
             ... on level 2 of the Orcish Mines on Apr 27, 2020.
             The game lasted 01:28:06 (16446 turns).

DildoBatman the Quickloader (Formicid Wizard)      Turns: 16446, Time: 01:28:06

Health: -4/99      AC: 10    Str: 14    XL:     13   Next: 65%
Magic:  11/25      EV: 13    Int: 23    God:
Gold:   1457       SH:  0    Dex:  9    Spells: 7/28 levels left

rFire    . . .     SeeInvis +   a - +6 shortbow
rCold    . . .     Gourm    .   (no shield)
rNeg     . . .     Faith    .   O - +0 steam dragon scales
rPois    .         Spirit   .   (helmet unavailable)
rElec    +         Reflect  .   R - +0 cloak
rCorr    .         Harm     .   H - +0 pair of gloves
MR       +....                  o - +0 pair of boots
Stlth    ++........             m - amulet of magic regeneration
HPRegen  0.26/turn              p - +2 ring of strength
MPRegen  0.44/turn              (no ring)

@: very slightly contaminated, studying Crossbows, drained
A: permanent stasis, dig shafts and tunnels, four strong arms, antennae 3,
electricity resistance, evolution 1
a: Dig, Shaft Self


You were on level 2 of the Orcish Mines.
You were hungry.

You visited 3 branches of the dungeon, and saw 14 of its levels.
You also visited: Bailey.

You collected 1593 gold pieces.
You spent 136 gold pieces at shops.

Inventory:

Hand Weapons
 a - a +6 shortbow (weapon)
 b - a +7 great mace
 c - the +6 hand crossbow "Hamoxzu" {speed, MR+ SInv Stlth+}
   (You found it on level 8 of the Dungeon)

   Attacks with this weapon are significantly faster.
   It affects your resistance to hostile enchantments.
   It lets you see invisible.
   It makes you more stealthy.
 e - a +2 halberd of electrocution
Missiles
 j - 279 stones
 k - 96 bolts
 l - 102 sling bullets
 w - 297 arrows (quivered)
Armour
 d - a +0 robe of positive energy
 o - a +0 pair of boots (worn)
 G - a +2 ring mail of fire resistance
 H - a +0 pair of gloves (worn)
 K - a +1 robe of magic resistance
 O - +0 steam dragon scales (worn)
 R - a +0 cloak (worn)
Magical Staves
 Q - an uncursed staff of poison
Jewellery
 m - an amulet of magic regeneration (around neck)
 p - a +2 ring of strength (left hand)
Wands
 y - a wand of scattershot (9)
 A - a wand of acid (4)
 F - a wand of iceblast (11)
Scrolls
 g - 2 scrolls of fog {unknown}
 q - 3 scrolls of fear
 r - 4 scrolls of amnesia
 u - 2 scrolls of enchant weapon {unknown}
 x - 4 scrolls of remove curse
 z - 3 scrolls of identify
 B - a scroll of torment {unknown}
 E - 2 scrolls of enchant armour {unknown}
 I - a scroll of random uselessness {unknown}
 J - 2 scrolls of immolation {unknown}
 L - a scroll of summoning {unknown}
 S - a scroll of vulnerability {unknown}
 T - 3 scrolls of blinking {unknown}
Potions
 f - 3 potions of might
 h - 2 potions of ambrosia
 i - a potion of magic {unknown}
 n - 7 potions of mutation
 s - 9 potions of curing
 t - 3 potions of flight {unknown}
 D - 2 potions of lignification {unknown}
 M - 2 potions of heal wounds {unknown}
 N - a potion of experience {unknown}
 P - 4 potions of stabbing
Books
 V - a manual of Crossbows
Comestibles
 v - 18 rations
 C - a chunk of flesh


   Skills:
 - Level 8.7(7.8) Fighting
 * Level 11.2(10.2) Crossbows
 - Level 8.7(7.8) Armour
 - Level 3.9(3.1) Dodging
 - Level 2.4(1.6) Stealth
 - Level 8.1(7.3) Spellcasting
 - Level 6.0(5.1) Conjurations
   Level 1.0(0.2) Summonings
 - Level 9.0(8.0) Necromancy
   Level 0.8(0.1) Translocations
 - Level 5.0(4.1) Fire Magic
 - Level 5.0(4.1) Air Magic
 - Level 9.0(8.0) Earth Magic


You had 7 spell levels left.
You knew the following spells:

 Your Spells              Type           Power        Failure   Level  Hunger
a - Conjure Flame         Conj/Fire      ####....     3%          3    None
b - Borgnjor's Vile Clut  Necr/Erth      #####.....   8%          5    #####..
c - Magic Dart            Conj           ####         1%          1    None
d - Vampiric Draining     Necr           #####.....   1%          3    None
e - Mephitic Cloud        Conj/Pois/Air  ###.....     6%          3    None
h - Dispel Undead         Necr           #####...     2%          4    ###....
z - Sublimation of Blood  Necr           #####.....   1%          2    None

Your spell library contained the following spells:

 Spells                   Type           Power        Failure   Level  Hunger
 Pain                     Necr           ####         1%          1    None
 Corpse Rot               Necr/Air       N/A          1%          2    None
 Animate Dead             Necr           N/A          2%          4    ###....
 Agony                    Necr           #####...     8%          5    #####..
 Call Imp                 Summ           #.......     10%         2    None
 Slow                     Hex            #.......     12%         2    None
 Death Channel            Necr           #####.....   38%         6    ######.
 Haunt                    Necr/Summ      ####......   100%        7    #######
 Borgnjor's Revivificati  Necr           #####.....   100%        8    #######
 Death's Door             Chrm/Necr      ####......   100%        8    #######
 Infestation              Necr           #####.....   100%        8    #######
 Necromutation            Tmut/Necr      ####......   100%        8    #######
 Blink                    Tloc           Unusable     N/A         2    N/A

Dungeon Overview and Level Annotations

Branches:
Dungeon (11/15)            Temple (1/1) D:6            Lair (0/6) D:11
    Orc (2/2) D:11            Elf (0/3) Orc:2        Bailey (visited)

Altars:
Ashenzari
Cheibriados
Dithmenos
Elyvilon
Fedhas
Gozag
Hepliaklqana
Kikubaaqudgha
Makhleb
Nemelex Xobeh
Okawaru
Qazlal
Ru
Sif Muna
Trog
Uskayaw
Vehumet
Wu Jian
Xom
Yredelemnul
Zin
The Shining One
Beogh

Shops:
D:9 [   D:10 =   Orc:2 !


Innate Abilities, Weirdness & Mutations

You cannot be hasted, slowed, berserked, paralysed or teleported.
You can dig through walls and to a lower floor.
Your four strong arms can wield two-handed weapons with a shield.
You have a pair of large antennae on your head. (SInv)
You are resistant to electric shocks. (rElec)
You evolve.


Message History

You shoot an arrow. The arrow hits the orc knight.
The orc knight is severely wounded.
The zombie hands constrict the orc knight.
The zombie hands release their grip on the orc knight.
Casting: Borgnjor's Vile Clutch (mildly dangerous; 8% risk of failure)
Confirm with . or Enter, or press ? or * to list all spells.
Aiming: Mephitic Cloud (mildly dangerous; 6% risk of failure)
Press: ? - help, Shift-Dir - straight line, f/p - orc knight
Aim: an orc knight, wielding a +3 battleaxe, wearing a +0 plate armour and quivering 16 bolts (almost dead, confused)
The ball explodes into a vile cloud!
The stinking cloud engulfs the orc knight but does no damage.
The orc knight is almost dead.
The orc knight seems less confused.
The orc knight is engulfed in noxious fumes.
The orc knight unwields a +3 battleaxe.
The orc knight wields a +0 arbalest.
The orc knight shoots a bolt.
The bolt hits you!!
You die...

................. #........
........)........ #####......
..............#.## #..........
.........#...###.## ##......###
..................# ##....######
.........[[).....### #.#......#.#
.....).)[##...)[..(###.##........
.......)..####§..........#.......
.......)....#o.)@.........#......
..#.........(###...#.###.#.......
...######..)..##....## ######....
..# ###)...#.#.## ####....# ##
##)..####.# ##........ #o)(# #.##
#.#....... #().## ##.##
###....... ..()(# ##.###....###.#
{ ..÷..(## ##.).....# ###


You could see an orc knight.

Vanquished Creatures
  Gastronok (D:9)
  Erolcha (D:9)
  Harold (D:10)
  3 two-headed ogres
  The ghost of kuniqs the Quickloader, a journeyman GrHu of Ru (D:11)
  3 orc high priests (Orc:2)
  The ghost of kuniqs the Arsonist, a novice DgFE (D:10)
  An unseen horror (D:6)
  A skeletal warrior (D:8)
  The ghost of tmanko2 the Chopper, a novice DDFi (D:6)
  Pikel (D:5)
  3 orc knights
  2 orc sorcerers (Orc:2)
  2 cyclopes
  The ghost of Maedhros the Covert, a novice OpAr (D:7)
  Maurice (D:9)
  A centaur zombie (D:11)
  Joseph (D:10)
  Maggie (D:9)
  2 gargoyles (D:8)
  A kobold demonologist (D:6)
  A komodo dragon (D:10)
  3 trolls
  3 hippogriffs
  Prince Ribbit (D:5)
  A shadow (D:8)
  4 yaks (D:11)
  A wraith (D:11)
  4 hungry ghosts
  Edmund (D:5)
  2 wargs (Orc:2)
  2 two-headed ogre zombies (D:11)
  Duvessa (D:6)
  21 orc warriors
  2 sky beasts
  4 slaves (D:5)
  A necrophage (D:8)
  2 ice beasts
  2 phantoms
  12 ogres
  11 centaurs
  A crocodile (D:11)
  Blork the orc (D:5)
  12 bullfrogs
  A gnoll sergeant (D:8)
  A wyvern zombie (D:9)
  A scorpion (D:10)
  Dowan (D:6)
  5 killer bees (D:10)
  2 troll zombies (D:11)
  5 wights
  3 vampire bats (D:7)
  3 howler monkeys (D:7)
  8 crimson imps
  2 bullfrog zombies
  3 jellies
  2 bullfrog skeletons
  11 orc priests
  2 centaur skeletons
  8 hounds
  23 orc wizards
  2 iguanas
  11 worker ants
  4 ogre zombies (D:11)
  A hound zombie (D:7)
  A hound skeleton (D:9)
  A spectral worker ant (D:7)
  A mummy (D:7)
  3 worker ant zombies
  23 gnolls
  A howler monkey zombie (D:8)
  A howler monkey skeleton (D:8)
  9 adders
  4 shadow imps
  An ooze (D:5)
  A worm (D:4)
  A dart slug (D:2)
  3 leopard geckos
  79 orcs
  2 bat skeletons (D:7)
  4 bat zombies (D:7)
  2 giant cockroaches
  10 goblins
  17 hobgoblins
  22 jackals
  8 quokkas
  4 ball pythons
  5 bats
  5 frilled lizards
  A goblin skeleton (D:11)
  3 goblin zombies
  A hobgoblin skeleton (D:11)
  2 hobgoblin zombies (D:11)
  A jackal skeleton (D:7)
  17 kobolds
  A leopard gecko skeleton (D:5)
  18 orc zombies (D:11)
  A quokka zombie (D:7)
  4 rats
479 creatures vanquished.

Vanquished Creatures (others)
  A human (D:6)
  A howler monkey (D:6)
2 creatures vanquished.

Grand Total: 481 creatures vanquished

Notes
Turn   | Place    | Note
-------+----------+-------------------------------------------
     0 | D:1      | DildoBatman the Formicid Wizard began the quest for the
                  | Orb.
     0 | D:1      | Reached XP level 1. HP: 13/13 MP: 4/4
    24 | D:1      | Reached skill level 1 in Conjurations
   184 | D:1      | Reached XP level 2. HP: 19/19 MP: 4/6
   703 | D:1      | Reached XP level 3. HP: 22/24 MP: 1/7
   708 | D:1      | Learned a level 3 spell: Conjure Flame
   712 | D:1      | Learned a level 3 spell: Mephitic Cloud
  1510 | D:2      | Reached XP level 4. HP: 30/30 MP: 3/8
  2216 | D:3      | Reached XP level 5. HP: 12/35 MP: 2/9
  2949 | D:4      | Noticed an ogre
  3172 | D:4      | Noticed a centaur
  3189 | D:4      | Killed a centaur
  3189 | D:4      | Reached skill level 1 in Fire Magic
  3189 | D:4      | Reached skill level 1 in Air Magic
  3189 | D:4      | Reached XP level 6. HP: 24/41 MP: 1/10
  3263 | D:4      | Noticed a phantom
  3690 | D:5      | Entered Level 5 of the Dungeon
  3853 | D:5      | Noticed an ogre
  3901 | D:5      | Killed an ogre
  3901 | D:5      | Reached skill level 5 in Conjurations
  3901 | D:5      | Reached XP level 7. HP: 38/46 MP: 1/11
  4039 | D:5      | Noticed Edmund
  4428 | D:5      | Noticed Blork the orc
  4494 | D:5      | Noticed Prince Ribbit
  5019 | D:6      | Found a transporter.
  5021 | D:6      | Found a transporter.
  5029 | D:6      | Noticed a kobold demonologist
  5143 | D:6      | Noticed an unseen horror
  5165 | D:6      | Reached XP level 8. HP: 17/52 MP: 3/12
  5165 | D:6      | Killed an unseen horror
  5165 | D:6      | Reached skill level 5 in Fire Magic
  5290 | D:6      | Found a runed translucent door.
  5293 | D:6      | Noticed tmanko2's ghost (novice DDFi)
  5368 | D:6      | Noticed Duvessa
  5368 | D:6      | Noticed Dowan
  5573 | D:6      | Reached skill level 1 in Fighting
  5573 | D:6      | Reached skill level 1 in Armour
  5630 | D:6      | Reached XP level 9. HP: 49/59 MP: 9/13
  5729 | D:6      | Found a runed translucent door.
  5783 | D:6      | Found a basalt altar of Yredelemnul.
  5965 | D:7      | Found a transporter.
  5981 | D:7      | Found a transporter.
  5982 | D:7      | Noticed Maedhros's ghost (novice OpAr)
  6097 | D:7      | Noticed a hippogriff
  6132 | D:7      | Noticed a hippogriff
  6197 | D:7      | Reached skill level 5 in Air Magic
  6214 | D:7      | Killed a hippogriff
  6930 | D:7      | Found an ancient bone altar of Kikubaaqudgha.
  6954 | D:7      | Became a worshipper of Kikubaaqudgha
  7170 | D:6      | Reached skill level 5 in Fighting
  7170 | D:6      | Reached skill level 5 in Armour
  7196 | D:7      | Killed a hippogriff
  7261 | D:6      | Killed Dowan
  7272 | D:6      | Killed Duvessa
  7377 | D:6      | Reached XP level 10. HP: 72/76 MP: 11/14
  7440 | D:6      | Found a staircase to the Ecumenical Temple.
  7454 | Temple   | Entered the Ecumenical Temple
  7976 | D:5      | Killed Prince Ribbit
  7992 | D:5      | Killed Edmund
  8087 | D:5      | Killed Blork the orc
  8124 | D:5      | Noticed Pikel
  8136 | D:5      | Reached * piety under Kikubaaqudgha
  8136 | D:5      | Identified Kikubaaqudgha's Catalogue of Evil Rites
                  | (Kikubaaqudgha gifted it to you on level 5 of the Dungeon)
  8136 | D:5      | Received a gift from Kikubaaqudgha
  8182 | D:5      | Killed Pikel
  8444 | D:3      | Learned a level 3 spell: Vampiric Draining
  8447 | D:3      | Learned a level 2 spell: Sublimation of Blood
  8594 | D:4      | Reached skill level 1 in Necromancy
  8795 | D:8      | Found a shadowy altar of Dithmenos.
  9025 | D:8      | Noticed a two-headed ogre
  9206 | D:8      | Killed a two-headed ogre
  9289 | D:8      | Reached skill level 5 in Spellcasting
  9333 | D:8      | Noticed a skeletal warrior
  9646 | D:8      | Noticed a two-headed ogre
  9649 | D:8      | Reached XP level 11. HP: 84/84 MP: 14/19
  9676 | D:8      | Killed a two-headed ogre
  9693 | D:8      | Got an iridescent hand crossbow
  9747 | D:9      | Noticed Erolcha
  9763 | D:9      | Reached skill level 5 in Necromancy
  9871 | D:8      | Identified the +6 hand crossbow "Hamoxzu" {speed, MR+ SInv
                  | Stlth+} (You found it on level 8 of the Dungeon)
  9915 | D:8      | Killed a skeletal warrior
 10130 | D:8      | Reached ** piety under Kikubaaqudgha
 10500 | D:9      | Noticed Maggie
 10646 | D:9      | Found Vosad's Armour Boutique.
 10760 | D:9      | Noticed Maurice
 10762 | D:9      | Killed Erolcha
 10786 | D:9      | Killed Maurice
 10830 | D:9      | Killed Maggie
 11059 | D:9      | Noticed Gastronok
 11138 | D:9      | Killed Gastronok
 11138 | D:9      | Reached XP level 12. HP: 43/93 MP: 22/22
 11508 | D:10     | Entered Level 10 of the Dungeon
 11526 | D:10     | Found Seapry's Jewellery Shoppe.
 11588 | D:10     | Noticed Harold
 11621 | D:10     | Killed Harold
 11739 | D:10     | Noticed Joseph
 11814 | D:10     | Killed Joseph
 11829 | D:10     | Found a flagged portal.
 11839 | Bailey   | Entered a bailey
 11845 | Bailey   | Reached *** piety under Kikubaaqudgha
 11845 | Bailey   | Identified Kikubaaqudgha's Papyrus of Evil (Kikubaaqudgha
                  | gifted it to you in a bailey)
 11845 | Bailey   | Received a gift from Kikubaaqudgha
 11871 | Bailey   | Learned a level 5 spell: Borgnjor's Vile Clutch
 11878 | Bailey   | Learned a level 4 spell: Dispel Undead
 12030 | Bailey   | Reached skill level 1 in Earth Magic
 12264 | D:10     | Reached **** piety under Kikubaaqudgha
 12602 | D:10     | Found a runed translucent door.
 12603 | D:10     | Noticed kuniqs's ghost (novice DgFE)
 12611 | D:10     | Killed kuniqs's ghost
 13094 | D:7      | Killed Maedhros's ghost
 13320 | D:6      | Killed tmanko2's ghost
 13320 | D:6      | Reached skill level 5 in Earth Magic
 13573 | D:11     | Found a transporter.
 13573 | D:11     | Noticed a two-headed ogre
 13573 | D:11     | Noticed kuniqs's ghost (journeyman GrHu)
 13870 | D:11     | Reached ***** piety under Kikubaaqudgha
 13904 | D:11     | Found a staircase to the Orcish Mines.
 14184 | D:11     | Found a transporter.
 14241 | D:11     | Found a staircase to the Lair.
 14404 | D:11     | Reached XP level 13. HP: 99/99 MP: 16/23
 14610 | D:11     | Killed kuniqs's ghost
 14692 | D:11     | Upgraded the game from 0.25-a0-842-g81a31cfd23 to
                  | 0.25-a0-860-gf695395b5c
 14699 | Orc:1    | Entered Level 1 of the Orcish Mines
 14711 | Orc:1    | Reached skill level 1 in Crossbows
 14721 | Orc:1    | Reached skill level 2 in Crossbows
 14873 | Orc:1    | Reached skill level 3 in Crossbows
 15103 | Orc:1    | Reached skill level 4 in Crossbows
 15130 | Orc:1    | Reached skill level 5 in Crossbows
 15232 | Orc:1    | Reached skill level 6 in Crossbows
 15312 | Orc:2    | Entered Level 2 of the Orcish Mines
 15418 | Orc:2    | Found Mogets's Distillery.
 15443 | Orc:2    | Bought a potion of mutation for 136 gold pieces
 15443 | Orc:2    | Gained mutation: You are weak. (Str -2) [potion of
                  | mutation]
 15443 | Orc:2    | Gained mutation: You evolve. [potion of mutation]
 15444 | Orc:2    | Lost mutation: You are weak. (Str -2) [potion of mutation]
 15444 | Orc:2    | Lost mutation: You evolve. [potion of mutation]
 15444 | Orc:2    | Gained mutation: Your body sometimes deteriorates upon
                  | taking damage. [potion of mutation]
 15444 | Orc:2    | Gained mutation: Your flesh is heat resistant. (rF+)
                  | [potion of mutation]
 15444 | Orc:2    | Gained mutation: You have large cloven feet. [potion of
                  | mutation]
 15445 | Orc:2    | Lost mutation: Your body sometimes deteriorates upon taking
                  | damage. [potion of mutation]
 15445 | Orc:2    | Lost mutation: You have large cloven feet. [potion of
                  | mutation]
 15445 | Orc:2    | Gained mutation: You are robust. (+10% HP) [potion of
                  | mutation]
 15445 | Orc:2    | Gained mutation: You are partially covered in thin metallic
                  | scales. (AC +2) [potion of mutation]
 15446 | Orc:2    | Lost mutation: You are robust. (+10% HP) [potion of
                  | mutation]
 15446 | Orc:2    | Lost mutation: You are partially covered in thin metallic
                  | scales. (AC +2) [potion of mutation]
 15446 | Orc:2    | Lost mutation: Your flesh is heat resistant. (rF+) [potion
                  | of mutation]
 15446 | Orc:2    | Gained mutation: You are resistant to electric shocks.
                  | (rElec) [potion of mutation]
 15446 | Orc:2    | Gained mutation: You evolve. [potion of mutation]
 15454 | Orc:2    | Reached skill level 7 in Crossbows
 15547 | Orc:2    | Found a roughly hewn altar of Beogh.
 15610 | Orc:2    | Reached skill level 8 in Crossbows
 15757 | Orc:2    | Reached skill level 9 in Crossbows
 15758 | Orc:2    | Reached ****** piety under Kikubaaqudgha
 15808 | Orc:1    | Received a gift from Kikubaaqudgha
 15858 | D:11     | Fell from the grace of Kikubaaqudgha
 16124 | Orc:2    | Found a staircase to the Elven Halls.
 16175 | Orc:2    | Reached skill level 10 in Crossbows
 16379 | Orc:2    | Reached skill level 11 in Crossbows
 16446 | Orc:2    | Shot with a bolt by an orc knight

Levels and vault maps discovered:
D:1:      eino_arrival_water_cross, layout_loops_corners, minmay_misc_feat_alley
D:2:      layout_loops_cross
D:3:      layout_rooms
D:4:      layout_basic, first_ration, kennysheep_pointless_box
D:5:      layout_rooms, uniq_edmund, uniq_prince_ribbit1, uniq_blork_the_orc,
          uniq_pikel
D:6:      gammafunk_wand_slinger, layout_basic,
          minmay_temple_entry_statues_pillars, ebering_ghost_sewer_d,
          dk_yredelemnul_ordeal, uniq_duvessa
D:7:      layout_loops_ring, kennysheep_vampire_church,
          gammafunk_ghost_mausoleum
D:8:      hangedman_cross_veins, layout_basic, nicolae_dithmenos_shadow_blocks
D:9:      layout_basic, serial_shops, shop, uniq_maggie, uniq_maurice,
          uniq_gastronok, uniq_erolcha
D:10:     layout_basic, enter_bailey_7, serial_shops, shop,
          gammafunk_ghost_grave, uniq_harold, uniq_joseph
D:11:     layout_irregular_city, lair_entry_dummy, zombieorc2_lemuel,
          gammafunk_ghost_smash
Temple:   minmay_crystal_snake_temple
Orc:1:    layout_caves
Orc:2:    grunt_orc_tribal_feast, layout_diamond_mine, basic_altar,
          serial_shops, shop

Skill      XL: |  1  2  3  4  5  6  7  8  9 10 11 12 13 |
---------------+----------------------------------------+-----
Conjurations   | 1 2 3 4 5 6 |  6.0
Fire Magic     | 1 2 3 5 |  5.0
Air Magic      | 1 2 4 5 |  5.0
Fighting       | 1 5 7 8 |  8.7
Armour         | 1 5 7 8 |  8.7
Necromancy     | 4 8 9 |  9.0
Spellcasting   | 5 7 8 |  8.1
Dodging        | 3 |  3.9
Earth Magic    | 8 9 |  9.0
Crossbows      | 11 | 11.2
Stealth        | |  2.4
Summonings     | |  1.0
Translocations | |  0.8

Action                   |  1- 3 |  4- 6 |  7- 9 | 10-12 | 13-15 || total
-------------------------+-------+-------+-------+-------+-------++-------
Melee: Club              |    28 |       |       |       |       ||    28
       Dagger            |     1 |       |       |       |       ||     1
       Short sword       |       |    20 |   157 |    10 |       ||   187
       Flail             |       |       |       |   216 |       ||   216
       Trident           |       |       |       |    52 |       ||    52
       Halberd           |       |       |       |    41 |       ||    41
       Staff             |       |       |       |     1 |       ||     1
 Fire: Hunting sling     |       |    74 |    49 |       |       ||   123
       Shortbow          |       |       |    95 |   249 |   153 ||   497
       Hand crossbow     |       |       |       |    91 |    27 ||   118
 Cast: Magic Dart        |    67 |    87 |    93 |   210 |       ||   457
       Mephitic Cloud    |       |     9 |    32 |    82 |    11 ||   134
       Conjure Flame     |       |     1 |    23 |    58 |       ||    82
       Vampiric Draining |       |       |       |    26 |       ||    26
       Borgnjor's Vile C |       |       |       |    23 |    62 ||    85
       Dispel Undead     |       |       |       |    14 |     3 ||    17
Invok: Receive Necronomi |       |       |       |       |     1 ||     1
       Renounce Religion |       |       |       |       |     1 ||     1
 Abil: Dig               |       |     2 |    15 |    22 |     6 ||    45
Evoke: Wand              |       |       |       |     8 |     3 ||    11
  Use: Scroll            |       |     1 |     4 |     3 |     1 ||     9
       Potion            |       |       |     1 |       |     4 ||     5
 Stab: Sleeping          |     2 |       |       |     1 |       ||     3
       Confused          |       |     2 |       |    19 |       ||    21
  Eat: Chunk             |     2 |     8 |    16 |    32 |    22 ||    80
       Ration            |       |       |     1 |     2 |       ||     3
Armor: Robe              |    15 |    16 |   121 |    22 |       ||   174
       Ring mail         |       |       |    37 |    45 |       ||    82
       Steam dragon scal |       |       |       |    97 |    16 ||   113
Dodge: Dodged            |    40 |    39 |   240 |   319 |    33 ||   671

Table legend:
 A = Non-vault XP
 B = Vault XP
 C = Vault XP percentage of total XP
 D = Non-vault monster count
 E = Vault monster count
 F = Vault count percentage of total count
                 A         B        C        D         E       F
            +---------+---------+-------+---------+---------+-------
      Total |   16368 |   22773 |  58.2 |     316 |     159 |  33.5
            +---------+---------+-------+---------+---------+-------
        D:1 |      30 |       0 |   0.0 |      19 |       0 |   0.0
        D:2 |      66 |       0 |   0.0 |      18 |       0 |   0.0
        D:3 |     224 |       0 |   0.0 |      27 |       0 |   0.0
        D:4 |     428 |       0 |   0.0 |      16 |       0 |   0.0
        D:5 |     593 |    1105 |  65.1 |      31 |       4 |  11.4
        D:6 |    1859 |    1556 |  45.6 |      26 |      14 |  35.0
        D:7 |    1151 |     761 |  39.8 |      26 |      13 |  33.3
        D:8 |     480 |    4509 |  90.4 |      11 |      17 |  60.7
        D:9 |    1072 |    4182 |  79.6 |      22 |       4 |  15.4
       D:10 |    2073 |    2259 |  52.1 |      31 |       7 |  18.4
       D:11 |    3395 |    2992 |  46.8 |      30 |      40 |  57.1
      Orc:1 |    3001 |       0 |   0.0 |      35 |       0 |   0.0
      Orc:2 |    1996 |    5072 |  71.8 |      24 |      26 |  52.0
     Bailey |       0 |     337 | 100.0 |       0 |      34 | 100.0
            +---------+---------+-------+---------+---------+-------
